 Dungeon Crawl Stone Soup version 0.25.0-11-g1f837a76a1 (webtiles) character file.

Game seed: 1600440786737441811

521 AnneSejuta the Skirmisher (level 7, 0/47 HPs)
             Began as a Gargoyle Fighter on June 26, 2020.
             Slain by an orc warrior
             ... wielding a +0 war axe
              (13 damage)
             ... on level 4 of the Dungeon.
             The game lasted 00:17:00 (4022 turns).

AnneSejuta the Skirmisher (Gargoyle Fighter)        Turns: 4022, Time: 00:17:01

Health: 0/47       AC: 11    Str: 19    XL:     7   Next: 21%
Magic:  7/7        EV:  7    Int: 11    God:
Gold:   202        SH:  9    Dex:  9    Spells: 6/6 levels left

rFire    . . .     SeeInvis .   m - +1 whip
rCold    . . .     Gourm    .   c - +0 kite shield
rNeg     + . .     Faith    .   b - +0 scale mail
rPois    ∞         Spirit   .   (no helmet)
rElec    +         Reflect  .   (no cloak)
rCorr    .         Harm     .   (no gloves)
MR       .....                  (no boots)
Stlth    ..........             (no amulet)
HPRegen  0.15/turn              (no ring)
MPRegen  0.10/turn              (no ring)

@: mighty
A: negative energy resistance 1, electricity resistance, unbreathing,
petrification resistance, rot immunity, AC +4
a: no special abilities


You were on level 4 of the Dungeon.
You were hungry.

You visited 1 branch of the dungeon, and saw 4 of its levels.

You collected 202 gold pieces.

Inventory:

Hand Weapons
 a - a +0 flail
 m - a +1 whip (weapon)
 o - a +0 morningstar
Missiles
 i - 119 stones (quivered)
 y - 4 boomerangs
Armour
 b - a +0 scale mail (worn)
 c - a +0 kite shield (worn)
Jewellery
 e - a +6 ring of dexterity {unknown}
Wands
 q - a wand of random effects (22)
Scrolls
 k - a scroll of enchant weapon
 t - a scroll of fear
 w - 2 scrolls of identify
 x - a scroll of fog {unknown}
Potions
 g - a potion of flight
 h - a potion of lignification
 j - 2 potions of haste
 l - a potion of curing {unknown}
 n - a potion of degeneration {unknown}
 p - 2 potions of stabbing {unknown}
 r - 2 potions of ambrosia {unknown}
 u - 2 potions of mutation {unknown}
 v - a potion of cancellation {unknown}
Comestibles
 f - 4 rations
 s - 2 chunks of flesh


   Skills:
 + Level 6.6 Fighting
 + Level 5.5 Maces & Flails
 - Level 3.2 Armour
 - Level 3.2 Shields


You had 6 spell levels left.
You didn't know any spells.
Your spell library was empty.

Dungeon Overview and Level Annotations

Branches:
Dungeon (4/15)
 Temple: D:4-7

Altars:
Dithmenos
Kikubaaqudgha
Nemelex Xobeh
Okawaru
Vehumet
Yredelemnul
Zin

Annotations:
D:2 2 transporters, Menkaure


Innate Abilities, Weirdness & Mutations

You are resistant to torment.
Your stone body is resilient. (AC +4)
You are immune to poison.
You resist negative energy. (rN+)
You are resistant to electric shocks. (rElec)
You can survive without breathing.
You are immune to petrification.
You are immune to rotting.


Message History

You hit the orc warrior.
The orc warrior is moderately wounded.
You block the orc warrior's attack.
You barely miss the orc warrior.
The orc warrior is moderately wounded.
You block the orc warrior's attack.
You barely miss the orc warrior.
The orc warrior is moderately wounded.
You closely miss the orc warrior.
The orc warrior is moderately wounded.
The orc warrior barely misses you.
You hit the orc warrior.
The orc warrior is heavily wounded.
The orc warrior completely misses you.
The orc wizard casts a spell.
The orc wizard seems to speed up.
You hit the orc warrior but do no damage.
The orc warrior is heavily wounded.
The orc warrior hits you with a +0 war axe!
You die...

.......# #.#
######.# #.# #
#.#
#.######### #
###.###
#.......... #
#(....#
###........
####.....###
#.#######
...........#
#.##########.#
.###.....#.#
#....).......#
.# #...).#.##
#@####.######
.# ###.##...#
#o# #.## )#
#....#.# #o#
#..### $#
#†..!# . #.#
##o..# (#
#..### .(#
#...# (# ##.>
##.# #§..§§#
.# ... ...
§§..§§§# ...
#... #..
§§§§§§§§ .....
...# #..
....§..


You could see an orc warrior and an orc wizard (fast).

Vanquished Creatures
  An ogre (D:4)
  A howler monkey (D:4)
  2 hounds
  A bullfrog skeleton (D:4)
  Natasha (thrice) (D:3)
  A worker ant (D:4)
  4 gnolls
  9 adders
  An adder skeleton (D:4)
  A dart slug (D:1)
  3 worms (D:3)
  2 leopard geckos
  6 orcs
  9 bats
  2 giant cockroaches
  8 goblins
  7 hobgoblins
  7 jackals
  2 quokkas
  A ball python (D:4)
  2 frilled lizards
  10 kobolds
  11 rats
94 creatures vanquished.

Notes
Turn   | Place    | Note
-------+----------+-------------------------------------------
     0 | D:1      | AnneSejuta the Gargoyle Fighter began the quest for the
                  | Orb.
     0 | D:1      | Reached XP level 1. HP: 14/14 MP: 1/1
    94 | D:1      | Reached XP level 2. HP: 17/19 MP: 2/2
   541 | D:1      | Reached XP level 3. HP: 21/24 MP: 3/3
   550 | D:1      | Reached skill level 4 in Fighting
   698 | D:2      | Found a transporter.
   702 | D:2      | Noticed a phantom
   917 | D:2      | Found an ancient bone altar of Kikubaaqudgha.
   918 | D:2      | Found a basalt altar of Yredelemnul.
   918 | D:2      | Noticed Menkaure
  1180 | D:2      | Found a transporter.
  1249 | D:1      | Reached XP level 4. HP: 25/30 MP: 4/4
  2093 | D:3      | Reached XP level 5. HP: 32/34 MP: 5/5
  2142 | D:3      | Reached skill level 5 in Fighting
  2469 | D:3      | Noticed Natasha
  2490 | D:3      | Killed Natasha
  2637 | D:3      | Noticed Natasha
  2757 | D:3      | Reached XP level 6. HP: 39/40 MP: 6/6
  2917 | D:3      | Found an iron altar of Okawaru.
  2917 | D:3      | Found a sparkling altar of Nemelex Xobeh.
  2920 | D:3      | Found a radiant altar of Vehumet.
  2921 | D:3      | Found a glowing silver altar of Zin.
  3050 | D:3      | Killed Natasha
  3095 | D:3      | Noticed Natasha
  3114 | D:3      | Killed Natasha
  3644 | D:4      | Reached skill level 6 in Fighting
  3644 | D:4      | Reached skill level 5 in Maces & Flails
  3739 | D:4      | Reached XP level 7. HP: 47/47 MP: 7/7
  3981 | D:4      | Found a shadowy altar of Dithmenos.
  4022 | D:4      | Slain by an orc warrior

Illustrated notes

Levels and vault maps discovered:
D:1:      minmay_arrival_stair_chambers, layout_basic, hangedman_glass_teeth
D:2:      layout_basic, gammafunk_temple_of_torment
D:3:      layout_loops_ring, minitemple, uniq_natasha
D:4:      layout_loops_ring, gup_sewer_entry_bubbles,
          nicolae_dithmenos_the_darkroom

Skill      XL: |  1  2  3  4  5  6 |
---------------+-------------------+-----
Fighting       | 4 5 6 |  6.6
Maces & Flails | 3 4 5 |  5.5
Armour         | |  3.2
Shields        | |  3.2

Action                   |  1- 3 |  4- 6 |  7- 9 || total
-------------------------+-------+-------+-------++-------
Melee: Flail             |    46 |       |       ||    46
       Whip              |   135 |   275 |    67 ||   477
       Morningstar       |       |    22 |       ||    22
Throw: Stone             |     9 |    36 |     2 ||    47
  Use: Scroll            |     4 |     4 |       ||     8
       Potion            |       |       |     1 ||     1
  Eat: Chunk             |     1 |     8 |     1 ||    10
Armor: Scale mail        |    97 |   139 |    14 ||   250
Dodge: Dodged            |    52 |    82 |    22 ||   156
Block: Kite shield       |   119 |   119 |    24 ||   262
